 Dungeon Crawl Stone Soup version 0.31.0-11-ge490571c62 (webtiles) character file.

Game seed: 18173879000168653738

67 DeltaZero the Conjurer (level 3, -6/19 HPs)
             Began as a Deep Elf Conjurer on Feb 7, 2024.
             Killed from afar by Sigmund (9 damage)
             ... with a puff of flame
             ... on level 2 of the Dungeon.
             The game lasted 00:03:21 (1472 turns).

DeltaZero the Conjurer (Deep Elf Conjurer)          Turns: 1472, Time: 00:03:22

Health: -6/19      AC:  2    Str:  4    XL:     3   Next: 98%
Magic:  10/10      EV: 12    Int: 24    God:
Gold:   165        SH:  0    Dex: 13    Spells: 8/9 levels left

rFire   . . .        (no weapon)
rCold   . . .        (no shield)
rNeg    . . .        a - +0 robe
rPois   .            (no helmet)
rElec   .            (no cloak)
rCorr   .            (no gloves)
SInv    .            (no boots)
Will    .....        (no amulet)
Stlth   ++           (no ring)
HPRegen 0.23/turn    (no ring)
MPRegen 0.12/turn

%: no passive effects
@: no status effects
A: no striking features
a: no special abilities


You were on level 2 of the Dungeon.
You visited 1 branch of the dungeon, and saw 2 of its levels.

You collected 165 gold pieces.

Inventory:

Armour
 a - a +0 robe (worn)
Scrolls
 e - a scroll of acquirement {unknown}
 f - a scroll of revelation {unknown}
 g - a scroll of identify
 j - a scroll of poison {unknown}
Potions
 b - a potion of magic
 c - a potion of degeneration {unknown}
 h - 2 potions of heal wounds {unknown}
 i - a potion of invisibility {unknown}


   Skills:
 + Level 2.6 Dodging
 + Level 2.5 Stealth
 + Level 3.8 Spellcasting
 + Level 5.6 Conjurations


You had 8 spell levels left.
You knew the following spells:

 Your Spells              Type           Power      Damage    Failure   Level
a - Magic Dart            Conj           100%       1d8       1%          1

Your spell library contained the following spells:

 Spells                   Type           Power      Damage    Failure   Level
 Searing Ray              Conj           62%        2d6       1%          2
 Fulminant Prism          Conj/Alch      9%         3d6       30%         4
 Iskenderun's Mystic Bla  Conj/Tloc      18%        2d6       30%         4
 Ignite Poison            Fire/Alch      4%         N/A       69%         4
 Sticky Flame             Fire/Alch      4%         2d4       69%         4
 Ignition                 Fire           2%         3d3       100%        8


Dungeon Overview and Level Annotations

Branches:
Dungeon (2/15)

Altars:

Annotations:
D:2 Sigmund


Message History

Things that are here:
a +0 dagger; a goblin corpse
Things that are here:
a +0 dagger; a goblin corpse You now have 148 gold pieces (gained 16).
Found a stone staircase leading up.
There is a stone staircase leading up here.
Found a plate armour.
Found a leather armour.
You see here a +0 plate armour.
Found a stone staircase leading down.
You now have 155 gold pieces (gained 7).
There is a stone staircase leading down here.
You now have 165 gold pieces (gained 10).
There is a stone staircase leading down here.
j - a scroll labelled LENEIM SOAGGOSK
There is a stone staircase leading up here.
Found a stone staircase leading down.
There is a stone staircase leading down here.
Sigmund the Dreaded comes into view.
He is wielding a +0 scythe.
The magic dart hits Sigmund.
Sigmund is lightly wounded.
Sigmund gestures at you while chanting. The puff of flame hits you!
Ouch! That really hurt!
You are too injured to fight recklessly!
As you read the scroll labelled ICIDGH FIQAYKLU, it crumbles to dust.
It is a scroll of identify.
d - a scroll of immolation Sigmund points at you and mumbles some strange words.
The magic dart hits you.
* * * LOW HITPOINT WARNING * * *
As you read the scroll of immolation, it crumbles to dust.
The creatures around you are filled with an inner flame!
Sigmund closely misses you.
You are too injured to fight recklessly!
Sigmund gestures at you while chanting. The puff of flame hits you!
You die...
Sigmund begins carving another notch in his scythe.

######### #........ #.# #.# #.#
#.# #@# ###.#####
###############.# #.......#
##............##.# ##.....#.####
...##########.##.# #...........#
#### #.##@####......#.##.# #
#.##.##..........##.#
#############.##.........#.####.#
............#.#####.#.####.# #.#
####.######.#.#####.#.# #.# #.#
...#.# #.#.....#.#.# #.# #.#
.#.#.# #.#####.#.#.# #.# #.#
.#.#.# #...........# #.# #.#
.#.#.# #.#####.#.### ##.# #.#


You could see Sigmund (inner flame).

Vanquished Creatures
  3 adders (D:2)
  A dart slug (D:2)
  A ball python (D:2)
  3 bats
  4 endoplasms
  2 giant cockroaches (D:2)
  3 goblins
  8 hobgoblins
  2 jackals (D:2)
  A quokka (D:2)
  2 frilled lizards
  2 kobolds
  2 rats (D:2)
34 creatures vanquished.

Notes
Turn   | Place    | Note
-------+----------+-------------------------------------------
     0 | D:1      | DeltaZero the Deep Elf Conjurer began the quest for the
                  | Orb.
     0 | D:1      | Reached XP level 1. HP: 10/10 MP: 6/6
   209 | D:1      | Reached XP level 2. HP: 15/15 MP: 4/8
   595 | D:2      | Reached skill level 5 in Conjurations
   721 | D:2      | Found a faded altar of an unknown god.
   788 | D:2      | Reached XP level 3. HP: 19/19 MP: 5/9
  1463 | D:2      | Noticed Sigmund
  1472 | D:2      | Killed from afar by Sigmund

Illustrated notes

Levels and vault maps discovered:
D:1:      dpeg_arrival_stonehenge_12_columns, layout_rooms, st_stairs_14
D:2:      layout_loops_ring, hellmonk_ecumenical_altar_dog_temple,
          roderic_lattice_a, uniq_sigmund, uniq_robin

Skill      XL: |  1  2 |
---------------+-------+-----
Conjurations   | 5 |  5.6
Dodging        | |  2.6
Stealth        | |  2.5
Spellcasting   | |  3.8

Action                     || total
---------------------------++-------
  Melee: Unarmed           ||    16
         Punch             ||     1
   Cast: Magic Dart        ||    67
    Use: Scroll            ||     2
 Armour: Robe              ||    14
  Dodge: Dodged            ||    22
